TL
EL PASO CHIHUAHUAS @ SAN ANTONIO MISSIONS
09/04/1982
 
TOP OF THE 1ST
El Paso Chihuahuas batting - Pitching for San Antonio Missions : RHP Gordon Crane
Pitching: RHP Gordon Crane
Batting: LHB Andy Van Slyke 0-0: SINGLE (Groundball, 3S, EV 68.1 MPH) (infield hit)
Batting: RHB Julio Acevedo 0-0: Ball
1-0: Ball
2-0: Ball
3-0: Base on Balls
Andy Van Slyke to second
Batting: RHB Jesse Vann 0-0: Foul Ball, location: 2F
0-1: Ball
1-1: Fielders Choice at 2nd, 5-4 (Groundball, 56, EV 83.1 MPH)
Andy Van Slyke to third
Batting: RHB Kevin Jacobson 0-0: Called Strike
0-1: Foul Ball, location: 2F
0-2: Ball
1-2: Grounds into double play, 4-6-3 (Groundball, 34, EV 82.5 MPH)
Top of the 1st over - 0 runs, 1 hit, 0 errors, 1 left on base; El Paso 0 - San Antonio 0
BOTTOM OF THE 1ST
San Antonio Missions batting - Pitching for El Paso Chihuahuas : RHP Dale Brown
Pitching: RHP Dale Brown
Batting: SHB Wallace Johnson 0-0: Ball
1-0: SINGLE (Line Drive, 7S, EV 101.3 MPH)
Batting: RHB Ivan Calderon 0-0: Foul Ball, location: 2F
0-1: Ball
1-1: Called Strike
1-2: Ball
2-2: Ball
3-2: Foul Ball, location: 2F
3-2: Foul Ball, location: 2F
3-2: Base on Balls
Wallace Johnson to second
Batting: RHB Ed Hearn 0-0: Ball
1-0: SINGLE (Groundball, 56D, EV 99.4 MPH)
Wallace Johnson to third
Ivan Calderon to second
Batting: RHB Larry Hamilton 0-0: Called Strike
0-1: Foul Ball, location: 2F
0-2: Ball
1-2: Ball
2-2: Ball
3-2: Foul Ball, location: 2F
3-2: Base on Balls
Wallace Johnson scores
Ivan Calderon to third
Ed Hearn to second
Batting: LHB Lee Pruitt 0-0: Ball
1-0: Fly out, F9 (Flyball, 9D, EV 84.4 MPH)
Runner from 3rd tags up, SCORES, no throw by RF
Batting: RHB Andrew Walker 0-0: Ball
1-0: Called Strike
1-1: SINGLE (Groundball, 4M, EV 105.0 MPH) (infield hit)
Ed Hearn to third
Larry Hamilton to second
Batting: RHB Jack Ayer 0-0: Called Strike
0-1: Ball
1-1: Foul Ball, location: 2F
1-2: Strikes out swinging
Batting: SHB Jose Moreno 0-0: Ball
1-0: Called Strike
1-1: Called Strike
1-2: Ground out 6-3 (Groundball, 56, EV 100.6 MPH)
Bottom of the 1st over - 2 runs, 3 hits, 0 errors, 3 left on base; El Paso 0 - San Antonio 2
TOP OF THE 2ND
El Paso Chihuahuas batting - Pitching for San Antonio Missions : RHP Gordon Crane
Batting: LHB Dan Murphy 0-0: Ball
1-0: Fly out, F8 (Flyball, 8LD, EV 97.5 MPH)
Batting: RHB Tom Roarke 0-0: Ball
1-0: Foul Ball, location: 2F
1-1: Swinging Strike
1-2: Strikes out swinging
Batting: RHB Leo George 0-0: Swinging Strike
0-1: Foul Ball, location: 2F
0-2: Ball
1-2: Ball
2-2: Ball
3-2: Fly out, F9 (Flyball, 9LM, EV 86.3 MPH)
Top of the 2nd over - 0 runs, 0 hits, 0 errors, 0 left on base; El Paso 0 - San Antonio 2
BOTTOM OF THE 2ND
San Antonio Missions batting - Pitching for El Paso Chihuahuas : RHP Dale Brown
Batting: RHB Alex Juarez 0-0: Ball
1-0: Ball
2-0: Foul Ball, location: 2F
2-1: Ground out 2-3 (Groundball, 2L, EV 65.0 MPH)
Batting: SHB Wallace Johnson 0-0: Called Strike
0-1: Called Strike
0-2: Ball
1-2: Ball
2-2: Ball
3-2: Base on Balls
Batting: RHB Ivan Calderon 0-0: Ball
1-0: Called Strike
1-1: Ball
2-1: Foul Ball, location: 2F
2-2: Fly out, F5 (Flyball, 56D, EV 68.8 MPH)
Batting: RHB Ed Hearn 0-0: Ground out 4-3 (Groundball, 4, EV 88.8 MPH)
Bottom of the 2nd over - 0 runs, 0 hits, 0 errors, 1 left on base; El Paso 0 - San Antonio 2
TOP OF THE 3RD
El Paso Chihuahuas batting - Pitching for San Antonio Missions : RHP Gordon Crane
Batting: RHB Stine Poole 0-0: Ball
1-0: Foul Ball, location: 2F
1-1: Swinging Strike
1-2: SOLO HOME RUN (Flyball, 78XD, EV 98.1 MPH), Distance : 436 ft
Batting: RHB William Parmenter 0-0: Swinging Strike
0-1: Swinging Strike
0-2: Strikes out swinging
Batting: LHB Andy Van Slyke 0-0: Ball
1-0: Ground out 4-3 (Groundball, 4, EV 85.0 MPH)
Batting: RHB Julio Acevedo 0-0: Ball
1-0: Called Strike
1-1: Called Strike
1-2: Strikes out swinging
Top of the 3rd over - 1 run, 1 hit, 0 errors, 0 left on base; El Paso 1 - San Antonio 2
BOTTOM OF THE 3RD
San Antonio Missions batting - Pitching for El Paso Chihuahuas : RHP Dale Brown
Batting: RHB Larry Hamilton 0-0: Foul Ball, location: 2F
0-1: SINGLE (Groundball, 6MD, EV 100.0 MPH)
Batting: LHB Lee Pruitt 0-0: Ball
1-0: Called Strike
1-1: Ball
2-1: Ball
3-1: Foul Ball, location: 2F
3-2: Base on Balls
Larry Hamilton to second
Batting: RHB Andrew Walker 0-0: Ball
1-0: Foul Ball, location: 2F
1-1: Ball
2-1: Swinging Strike
2-2: Foul Ball, location: 2F
2-2: SINGLE (Line Drive, 8RS, EV 107.5 MPH)
Larry Hamilton to third
Lee Pruitt to second
Runner from 3rd tries for Home, SAFE, throw by CF to home
Batting: RHB Jack Ayer 0-0: Called Strike
0-1: Ball
1-1: Ball
2-1: Fly out, F9 (Flyball, 89M, EV 91.9 MPH)
Batting: SHB Jose Moreno 0-0: Ball
1-0: Ball
2-0: Called Strike
2-1: Foul Ball, location: 2F
2-2: Fly out, F9 (Flyball, 9S, EV 89.4 MPH)
Batting: RHB Alex Juarez 0-0: Ground out 1-3 (Groundball, 13S, EV 72.5 MPH)
Bottom of the 3rd over - 1 run, 2 hits, 0 errors, 2 left on base; El Paso 1 - San Antonio 3
TOP OF THE 4TH
El Paso Chihuahuas batting - Pitching for San Antonio Missions : RHP Gordon Crane
Batting: RHB Jesse Vann 0-0: Foul Ball, location: 2F
0-1: Swinging Strike
0-2: Ball
1-2: Ball
2-2: Ball
3-2: Strikes out swinging
Batting: RHB Kevin Jacobson 0-0: Called Strike
0-1: Foul Ball, location: 2F
0-2: SINGLE (Flyball, 89S, EV 97.5 MPH)
Batting: LHB Dan Murphy 0-0: Called Strike
0-1: Ball
1-1: Ball
2-1: Foul Ball, location: 2F
2-2: Foul Ball, location: 2F
2-2: Strikes out swinging
Batting: RHB Tom Roarke 0-0: Called Strike
0-1: SINGLE (Groundball, 6MD, EV 106.3 MPH)
Kevin Jacobson to second
Runner from 2nd tries for 3rd, SAFE, no throw by CF
Batting: RHB Leo George 0-0: Ball
1-0: Ball
2-0: Foul Ball, location: 2F
2-1: Foul Ball, location: 2F
2-2: 3-RUN HOME RUN (Flyball, 78XD, EV 105.0 MPH), Distance : 415 ft
Batting: RHB Stine Poole 0-0: Swinging Strike
0-1: Called Strike
0-2: Foul Ball, location: 2F
0-2: Ball
1-2: Ball
2-2: Foul Ball, location: 2F
2-2: Strikes out swinging
Top of the 4th over - 3 runs, 3 hits, 0 errors, 0 left on base; El Paso 4 - San Antonio 3
BOTTOM OF THE 4TH
San Antonio Missions batting - Pitching for El Paso Chihuahuas : RHP Dale Brown
Batting: SHB Wallace Johnson 0-0: Foul Ball, location: 2F
0-1: Called Strike
0-2: Ground out 4-3 (Groundball, 4, EV 78.1 MPH)
Batting: RHB Ivan Calderon 0-0: Ball
1-0: Called Strike
1-1: Ball
2-1: Fly out, F8 (Flyball, 8RXD, EV 85.0 MPH)
Batting: RHB Ed Hearn 0-0: Called Strike
0-1: Foul Ball, location: 2F
0-2: Ground out 4-3 (Groundball, 34, EV 100.6 MPH)
Bottom of the 4th over - 0 runs, 0 hits, 0 errors, 0 left on base; El Paso 4 - San Antonio 3
TOP OF THE 5TH
El Paso Chihuahuas batting - Pitching for San Antonio Missions : RHP Gordon Crane
Batting: RHB William Parmenter 0-0: Ball
1-0: Ball
2-0: Swinging Strike
2-1: Swinging Strike
2-2: Ball
3-2: Strikes out swinging
Batting: LHB Andy Van Slyke 0-0: Called Strike
0-1: Ground out U3 (Groundball, 3L, EV 79.4 MPH)
Batting: RHB Julio Acevedo 0-0: Called Strike
0-1: Foul Ball, location: 2F
0-2: Ball
1-2: SINGLE (Flyball, 78S, EV 91.3 MPH)
Batting: RHB Jesse Vann 0-0: Ball
1-0: Called Strike
1-1: Foul Ball, location: 2F
1-2: Ground out 6-3 (Groundball, 6, EV 81.3 MPH)
Top of the 5th over - 0 runs, 1 hit, 0 errors, 1 left on base; El Paso 4 - San Antonio 3
BOTTOM OF THE 5TH
San Antonio Missions batting - Pitching for El Paso Chihuahuas : RHP Dale Brown
Batting: RHB Larry Hamilton 0-0: Ball
1-0: Ball
2-0: Foul Ball, location: 2F
2-1: Foul Ball, location: 2F
2-2: Foul Ball, location: 2F
2-2: Ball
3-2: Foul Ball, location: 2F
3-2: Fly out, F8 (Flyball, 78M, EV 87.5 MPH)
Batting: LHB Lee Pruitt 0-0: Ball
1-0: Ball
2-0: Swinging Strike
2-1: Ball
3-1: Foul Ball, location: 2F
3-2: Fly out, F7 (Flyball, 7, EV 92.5 MPH)
Batting: RHB Andrew Walker 0-0: Foul Ball, location: 2F
0-1: Called Strike
0-2: Foul Ball, location: 2F
0-2: Ball
1-2: Ball
2-2: Foul Ball, location: 2F
2-2: SOLO HOME RUN (Flyball, 78XD, EV 100.6 MPH), Distance : 437 ft
Batting: RHB Jack Ayer 0-0: Called Strike
0-1: Swinging Strike
0-2: Ball
1-2: Foul Ball, location: 2F
1-2: SINGLE (Flyball, 3D, EV 93.1 MPH)
Batting: SHB Jose Moreno 0-0: Ball
1-0: Ball
2-0: Called Strike
2-1: Swinging Strike
2-2: Strikes out swinging
Bottom of the 5th over - 1 run, 2 hits, 0 errors, 1 left on base; El Paso 4 - San Antonio 4
TOP OF THE 6TH
El Paso Chihuahuas batting - Pitching for San Antonio Missions : RHP Gordon Crane
Batting: RHB Kevin Jacobson 0-0: Fly out, F8 (Flyball, 78D, EV 85.6 MPH)
Batting: LHB Dan Murphy 0-0: Called Strike
0-1: Ball
1-1: Ball
2-1: Ball
3-1: Ground out 4-3 (Groundball, 4, EV 91.3 MPH)
Batting: RHB Tom Roarke 0-0: Foul Ball, location: 2F
0-1: Ball
1-1: Ball
2-1: Called Strike
2-2: Foul Ball, location: 2F
2-2: Strikes out swinging
Top of the 6th over - 0 runs, 0 hits, 0 errors, 0 left on base; El Paso 4 - San Antonio 4
BOTTOM OF THE 6TH
San Antonio Missions batting - Pitching for El Paso Chihuahuas : RHP Dale Brown
Batting: RHB Alex Juarez 0-0: Foul Ball, location: 2F
0-1: SINGLE (Groundball, 6MD, EV 98.8 MPH)
Batting: SHB Wallace Johnson 0-0: Ball
1-0: Called Strike
1-1: Foul Ball, location: 2F
1-2: Ball
2-2: Strikes out swinging
Batting: RHB Ivan Calderon 0-0: Called Strike
0-1: Ball
1-1: SINGLE (Groundball, 4, EV 94.4 MPH)
Alex Juarez to second
Runner from 2nd tries for 3rd, SAFE, throw by CF made to third
Batting: RHB Ed Hearn 0-0: Ball
1-0: Called Strike
1-1: Grounds into double play, 6-4-3 (Groundball, 6S, EV 81.3 MPH)
Bottom of the 6th over - 0 runs, 2 hits, 0 errors, 1 left on base; El Paso 4 - San Antonio 4
TOP OF THE 7TH
El Paso Chihuahuas batting - Pitching for San Antonio Missions : RHP Gordon Crane
Batting: RHB Leo George 0-0: Called Strike
0-1: SINGLE (Line Drive, 4MD, EV 99.4 MPH)
Batting: RHB Stine Poole 0-0: Grounds into double play, 6-4-3 (Groundball, 6, EV 83.1 MPH)
Batting: RHB William Parmenter 0-0: Swinging Strike
0-1: Ball
1-1: Swinging Strike
1-2: Ball
2-2: Ball
3-2: Foul Ball, location: 2F
3-2: Foul Ball, location: 2F
3-2: Ground out 4-3 (Groundball, 4, EV 81.9 MPH)
Top of the 7th over - 0 runs, 1 hit, 0 errors, 0 left on base; El Paso 4 - San Antonio 4
BOTTOM OF THE 7TH
San Antonio Missions batting - Pitching for El Paso Chihuahuas : RHP Dale Brown
Batting: RHB Larry Hamilton 0-0: Called Strike
0-1: Ball
1-1: Called Strike
1-2: Foul Ball, location: 2F
1-2: Strikes out swinging
Batting: LHB Lee Pruitt 0-0: Foul Ball, location: 2F
0-1: Called Strike
0-2: Foul Ball, location: 2F
0-2: Ball
1-2: Ball
2-2: Ball
3-2: DOUBLE (Line Drive, 89D, EV 106.9 MPH)
Batting: RHB Andrew Walker 0-0: DOUBLE (Flyball, 8RXD, EV 113.8 MPH)
Lee Pruitt scores
Pitching: RHP Bruce Westbrook
Batting: RHB Jack Ayer 0-0: Ball
Andrew Walker steals 3rd base
1-0: Swinging Strike
1-1: Fly out, F8 (Line Drive, 8LD, EV 85.6 MPH)
Runner from 3rd tags up, SCORES, throw by CF
Batting: SHB Jose Moreno 0-0: Ball
1-0: Called Strike
1-1: SINGLE (Groundball, 25, EV 72.5 MPH) (infield hit)
Batting: RHB Alex Juarez 0-0: Called Strike
Jose Moreno steals 2nd base (no throw)
0-1: Ball
1-1: Ball
2-1: Called Strike
2-2: SINGLE (Line Drive, 34D, EV 103.1 MPH)
Jose Moreno to third
Runner from 3rd tries for Home, throw by RF and OUT! 9-2
Bottom of the 7th over - 2 runs, 4 hits, 0 errors, 1 left on base; El Paso 4 - San Antonio 6
TOP OF THE 8TH
El Paso Chihuahuas batting - Pitching for San Antonio Missions : RHP Gordon Crane
Batting: LHB Andy Van Slyke 0-0: Swinging Strike
0-1: Ground out 3-1 (Groundball, 34S, EV 80.0 MPH)
Batting: RHB Julio Acevedo 0-0: Swinging Strike
0-1: Foul Ball, location: 2F
0-2: Ball
1-2: Foul Ball, location: 2F
1-2: Strikes out swinging
Batting: RHB Jesse Vann 0-0: Called Strike
0-1: Ball
1-1: Swinging Strike
1-2: Ball
2-2: Fly out, F9 (Flyball, 89D, EV 80.0 MPH)
Top of the 8th over - 0 runs, 0 hits, 0 errors, 0 left on base; El Paso 4 - San Antonio 6
BOTTOM OF THE 8TH
San Antonio Missions batting - Pitching for El Paso Chihuahuas : RHP Bruce Westbrook
Batting: SHB Wallace Johnson 0-0: Ground out 6-3 (Groundball, 56, EV 82.5 MPH)
Batting: RHB Ivan Calderon 0-0: Ball
1-0: Fly out, F9 (Flyball, 9, EV 77.5 MPH)
Batting: RHB Ed Hearn 0-0: Foul Ball, location: 2F
0-1: Foul Ball, location: 2F
0-2: SOLO HOME RUN (Flyball, 7LD, EV 95.6 MPH), Distance : 368 ft
Batting: RHB Larry Hamilton 0-0: Ball
1-0: Called Strike
1-1: Ball
2-1: SOLO HOME RUN (Flyball, 8LXD, EV 107.5 MPH), Distance : 440 ft
Batting: LHB Lee Pruitt 0-0: Called Strike
0-1: Foul Ball, location: 2F
0-2: Ball
1-2: SINGLE (Groundball, 34D, EV 100.6 MPH)
Batting: RHB Andrew Walker 0-0: Ball
1-0: Ball
2-0: Called Strike
2-1: Foul Ball, location: 2F
2-2: Strikes out swinging
Bottom of the 8th over - 2 runs, 3 hits, 0 errors, 1 left on base; El Paso 4 - San Antonio 8
TOP OF THE 9TH
El Paso Chihuahuas batting - Pitching for San Antonio Missions : RHP Gordon Crane
Batting: RHB Kevin Jacobson 0-0: Ball
1-0: Called Strike
1-1: Foul Ball, location: 2F
1-2: Ball
2-2: Ball
3-2: SINGLE (Groundball, 34D, EV 101.9 MPH)
Batting: LHB Dan Murphy 0-0: Foul Ball, location: 2F
0-1: Ball
1-1: Ball
2-1: Fielders Choice at 2nd, 3-6 (Groundball, 3, EV 83.8 MPH)
Batting: RHB Tom Roarke 0-0: Ball
1-0: Called Strike
1-1: Ball
2-1: Called Strike
2-2: Foul Ball, location: 2F
2-2: Fly out, F2 (Popup, 15S, EV 85.6 MPH)
Batting: RHB Leo George 0-0: Ball
1-0: Ball
2-0: Ball
3-0: Base on Balls
Dan Murphy to second
Batting: RHB Stine Poole 0-0: Swinging Strike
0-1: Fielders Choice at 2nd, 6-4 (Groundball, 6, EV 85.6 MPH)
Top of the 9th over - 0 runs, 1 hit, 0 errors, 2 left on base; El Paso 4 - San Antonio 8
Thursday, August 27th, 2020 - OOTP Baseball 21.5 Build 76